 Dungeon Crawl Stone Soup version 0.29.1-15-g9cfb28693d (webtiles) character file.

Game seed: 17920684611186353932

7234 BuddhaDhamma the Severer (level 10, -23/77 HPs)
             Began as a Minotaur Berserker on Mar 3, 2023.
             Was a High Priest of Trog.
             Annihilated by Lodul
             ... wielding a +0 dire flail
              (30 damage)
             ... on level 10 of the Dungeon.
             The game lasted 00:21:15 (10902 turns).

BuddhaDhamma the Severer (Minotaur Berserker)      Turns: 10902, Time: 00:21:16

Health: -23/77     AC: 12    Str: 32    XL:     10   Next: 88%
Magic:  9/9        EV:  8    Int: -1    God:    Trog [*****.]
Gold:   489        SH:  0    Dex: 10    Spells: 9/9 levels left

rFire   . . .      SeeInvis +   l - +10 battleaxe of Res Nullius {flame, rC++ Int-5}
rCold   + + .      Faith    .   (shield currently unavailable)
rNeg    + . .      Spirit   .   E - +0 plate armour
rPois   .          Reflect  .   (helmet restricted)
rElec   .          Harm     .   (no cloak)
rCorr   .          Rampage  .   r - +0 pair of gloves
Will    .....                   (no boots)
Stlth   ..........              v - amulet of Agnosticism {Regen+ SInv}
HPRegen 1.02/turn               x - +6 ring of strength
MPRegen 0.11/turn               s - ring of positive energy

@: on berserk cooldown, slowed, lost intelligence, unable to read, very slow
A: horns 2, retaliatory headbutt
a: Renounce Religion, Berserk, Trog's Hand, Brothers in Arms


You were on level 10 of the Dungeon.
You worshipped Trog.
Trog was extremely pleased with you.
You visited 1 branch of the dungeon, and saw 10 of its levels.
You also visited: Ossuary.

You collected 489 gold pieces.

Inventory:

Hand Weapons
 l - the +10 battleaxe of Res Nullius (weapon) {flame, rC++ Int-5}
   (You acquired it on level 6 of the Dungeon)

   It burns those it strikes, dealing additional fire damage.
   Big, fiery blades are also staple armaments of hydra-hunters.
   Int:       It affects your intelligence (-5).
   rC:        It greatly protects you from cold.
Missiles
 j - a throwing net (quivered)
 F - 3 atropa-tipped darts
Armour
 r - a +0 pair of gloves (worn)
 E - a +0 plate armour (worn)
Jewellery
 b - a ring of ice
 h - an amulet of reflection
 m - an amulet of faith
 s - a ring of positive energy (right hand)
 v - the amulet of Agnosticism (around neck) {Regen+ SInv}
   (You found it on level 7 of the Dungeon)

   [amulet of regeneration]

   SInv:      It lets you see invisible.
   Regen:     It increases your rate of health regeneration.
 x - a +6 ring of strength (left hand)
Wands
 a - a wand of flame (52)
 y - a wand of iceblast (10)
 C - a wand of quicksilver (10)
Scrolls
 c - a scroll of brand weapon
 d - 2 scrolls of magic mapping
 g - a scroll of blinking
 n - 2 scrolls of enchant weapon
 o - 7 scrolls of identify
 p - 4 scrolls of fog
 q - 7 scrolls of teleportation
 A - a scroll of torment {unknown}
 B - a scroll of silence
 D - a scroll of summoning {unknown}
Potions
 e - 3 potions of flight
 f - 6 potions of curing
 i - 2 potions of heal wounds
 k - a potion of resistance
 u - a potion of ambrosia
 w - a potion of might
 z - a potion of haste


   Skills:
 - Level 3.6 Fighting
 + Level 19.5 Axes
 - Level 2.4 Armour
 - Level 2.1 Dodging


You had 9 spell levels left.
You didn't know any spells.
Your spell library was empty.

Dungeon Overview and Level Annotations

Branches:
Dungeon (10/15)            Temple (0/1) D:5            Lair (0/5) D:9
Ossuary (visited)
    Orc: D:9-12

Altars:
Gozag
Okawaru
Qazlal
Sif Muna
Trog
Uskayaw
Wu Jian
Yredelemnul
Zin
The Shining One

Shops:
D:4 *

Annotations:
D:10 Lodul


Innate Abilities, Weirdness & Mutations

You have a pair of horns on your head.
You reflexively headbutt those who attack you in melee.


Message History

You kill the ogre!
Trog accepts your kill.
You slash the ogre! You burn the ogre.
You kill the ogre!
Trog accepts your kill.
Trog will now gift you melee weapons as you gain piety.
A red film seems to cover your vision as you go berserk!
You feel yourself moving faster!
You feel mighty! The ogre barely misses you.
Electricity crackles from Lodul's apparatus.
The bolt of lightning misses you.
You slice the ogre!! You burn the ogre!
You kill the ogre!
Trog accepts your kill.
Electricity crackles from Lodul's apparatus.
The bolt of lightning hits you!!
* * * LOW HITPOINT WARNING * * *
You hear the creaking of a very distant portcullis.
Lodul zaps a wand.
The puff of flame misses you.
Items here: ))) ††.
You feel a strong urge to attack something.
Lodul says, "Work for me?
I pay good."
Lodul zaps a wand.
The puff of flame hits you but does no damage.
You barely miss Lodul. Lodul closely misses you.
You slice Lodul!! You burn Lodul! You headbutt Lodul!!
Lodul is severely wounded.
You hit Lodul. You burn Lodul.
Lodul is almost dead.
You are no longer berserk.
You are exhausted.
You feel yourself slow down. Lodul barely misses you.
You hit Lodul. You burn Lodul. You headbutt Lodul.
Lodul is almost dead.
Lodul hits you with a +0 dire flail.
* * * LOW HITPOINT WARNING * * *
Lodul attacks as you move away! Lodul hits you with a +0 dire flail!!
* * * LOW HITPOINT WARNING * * *
Lodul hits you with a +0 dire flail!!
You die...

#########################
..#......................
..#......................
..#......................
..#..........)).@........
..#...........).O........
..#...........)..........
..#...)..#.....#.....####
..#...)).#.....#.........
.......).#.....#.........
.........#.....#.........
.........#.....#.(.......
.........#.....#.........


You could see Lodul.

Vanquished Creatures
  A boulder beetle (D:8)
  The ghost of Ihaveafatcat the Shield-Bearer, a novice MiFi of Trog (D:6)
  The ghost of Mickster the Trooper, a novice HOBe of Trog (D:6)
  Pikel (D:4)
  Sigmund (D:2)
  2 wyverns (D:8)
  A vampire mosquito (D:8)
  A steam dragon (D:8)
  Edmund (D:4)
  An acid dragon (D:8)
  A water moccasin (D:5)
  Duvessa (D:4)
  2 orc warriors
  3 sky beasts
  7 ogres
  A phantom (D:7)
  4 centaurs
  A lemure (D:4)
  4 kobold brigands (D:8)
  5 bullfrogs
  10 scorpions
  3 necrophages
  A wight (D:6)
  Dowan (D:4)
  3 killer bees (D:9)
  A vampire bat (D:4)
  2 human zombies (Ossuary)
  3 centaur zombies (Ossuary)
  2 jellies
  3 orc priests (D:7)
  A gnoll bouda (D:10)
  A hound (D:6)
  4 iguanas (D:6)
  Terence (D:3)
  An orc wizard (D:9)
  5 scorpion zombies (Ossuary)
  3 mummies (Ossuary)
  Robin (D:4)
  9 gnolls
  4 adders
  2 shadow imps
  A white imp (D:6)
  An ufetubus (D:5)
  4 worms
  4 dart slugs
  3 fire bats (D:4)
  16 orcs
  2 spectral bats (D:4)
  4 ball pythons
  3 bat skeletons (D:4)
  A bat zombie (D:4)
  4 endoplasms
  A giant cockroach (D:3)
  26 goblins
  8 hobgoblins
  3 jackals (D:4)
  3 quokkas (D:2)
  18 bats
  A bat simulacrum (D:4)
  5 frilled lizards
  4 gnoll zombies (Ossuary)
  3 goblin zombies (Ossuary)
  21 kobolds
  A kobold zombie (Ossuary)
  2 orc zombies (Ossuary)
  7 rats
247 creatures vanquished.

Vanquished Creatures (others)
  4 kobolds (D:8)
4 creatures vanquished.

Grand Total: 251 creatures vanquished

Notes
Turn   | Place    | Note
-------+----------+-------------------------------------------
     0 | D:1      | BuddhaDhamma the Minotaur Berserker began the quest for the
                  | Orb.
     0 | D:1      | Reached XP level 1. HP: 19/19 MP: 0/0
   175 | D:1      | Reached skill level 4 in Axes
   284 | D:1      | Reached XP level 2. HP: 26/26 MP: 1/1
   495 | D:1      | Found a faded altar of an unknown god.
   693 | D:1      | Reached skill level 5 in Axes
  1091 | D:2      | Reached XP level 3. HP: 31/31 MP: 2/2
  1118 | D:2      | Noticed Sigmund
  1127 | D:2      | Killed Sigmund
  1128 | D:2      | Reached skill level 7 in Axes
  1128 | D:2      | Reached XP level 4. HP: 39/39 MP: 3/3
  1128 | D:2      | Reached XP level 5. HP: 45/45 MP: 4/4
  1181 | D:2      | Reached ** piety under Trog
  2238 | D:3      | Reached skill level 8 in Axes
  2337 | D:3      | Noticed Terence
  2345 | D:3      | Killed Terence
  2346 | D:3      | Reached XP level 6. HP: 40/51 MP: 5/5
  2912 | D:4      | Reached *** piety under Trog
  2937 | D:4      | Noticed Edmund
  2944 | D:4      | Killed Edmund
  2945 | D:4      | Reached skill level 9 in Axes
  2977 | D:4      | Noticed Robin
  2989 | D:4      | Killed Robin
  3013 | D:4      | Found a glowing silver altar of Zin.
  3013 | D:4      | Found an opulent altar of Gozag.
  3163 | D:4      | Noticed Duvessa
  3172 | D:4      | Killed Duvessa
  3173 | D:4      | Reached XP level 7. HP: 40/57 MP: 6/6
  3263 | D:4      | Noticed Dowan
  3277 | D:4      | Killed Dowan
  3312 | D:4      | Reached skill level 10 in Axes
  3584 | D:4      | Found Tagykuz's Assorted Antiques.
  3600 | D:4      | Noticed Pikel
  3615 | D:4      | Killed Pikel
  3616 | D:4      | Reached skill level 12 in Axes
  3616 | D:4      | Reached XP level 8. HP: 64/64 MP: 7/7
  3787 | D:5      | Entered Level 5 of the Dungeon
  4594 | D:5      | Found a staircase to the Ecumenical Temple.
  4780 | D:5      | Reached skill level 13 in Axes
  4920 | D:6      | Reached **** piety under Trog
  5105 | D:6      | Found an iron altar of Okawaru.
  5116 | D:6      | Reached skill level 14 in Axes
  5188 | D:6      | Found a runed translucent gate.
  5188 | D:6      | Found a runed translucent gate.
  5188 | D:6      | Found a runed translucent gate.
  5188 | D:6      | Noticed Ihaveafatcat's ghost (novice MiFi)
  5188 | D:6      | Noticed Mickster's ghost (novice HOBe)
  5416 | D:6      | Reached XP level 9. HP: 70/70 MP: 8/8
  5428 | D:6      | Found a sand-covered staircase.
  5434 | Ossuary  | Entered an ossuary
  5858 | Ossuary  | Reached skill level 15 in Axes
  6323 | D:6      | Found a shimmering blue altar of Sif Muna.
  6658 | D:6      | Found a bloodstained altar of Trog.
  6877 | D:6      | Identified a scroll of acquirement
  6877 | D:6      | Acquired the +10 battleaxe of Res Nullius {flame, rC++
                  | Int-5}
  6887 | D:6      | Lost intelligence.
  6908 | D:6      | Killed Mickster's ghost
  6909 | D:6      | Reached skill level 16 in Axes
  6914 | D:6      | Killed Ihaveafatcat's ghost
  6915 | D:6      | Reached skill level 17 in Axes
  6915 | D:6      | Reached XP level 10. HP: 54/77 MP: 9/9
  7028 | D:7      | Identified the +5 long sword "Lav Ecsu" {vorpal, rF+}
  7424 | D:7      | Found a glowing golden altar of the Shining One.
  7803 | D:7      | Found a stormy altar of Qazlal.
  7969 | D:7      | Identified the amulet of Agnosticism {Regen+ SInv}
  9139 | D:8      | Noticed a boulder beetle
  9140 | D:8      | Found a transporter.
  9140 | D:8      | Found a hide-covered altar of Uskayaw.
  9284 | D:8      | Reached skill level 18 in Axes
  9415 | D:8      | Found an ornate altar of the Wu Jian Council.
  9794 | D:8      | Found a transporter.
 10048 | D:8      | Killed a boulder beetle
 10223 | D:9      | Found a basalt altar of Yredelemnul.
 10378 | D:9      | Reached skill level 19 in Axes
 10647 | D:9      | Found a staircase to the Lair.
 10788 | D:10     | Entered Level 10 of the Dungeon
 10880 | D:10     | Noticed Lodul
 10890 | D:10     | Reached ***** piety under Trog
 10902 | D:10     | Annihilated by Lodul

Illustrated notes

Levels and vault maps discovered:
D:1:      lightli_arrival_noodles, layout_loops_corners,
          hellmonk_ecumenical_altar_heavens_door, st_stairs_7,
          dreamdust_princess_bridge, minmay_ruptured
D:2:      layout_basic, serial_corexii_hall, chequers_hall_statues_y,
          corexii_hall_statues_s, corexii_hall_statues_l, hex_large,
          grunt_decor_mini_mirrors, minmay_small_reverse_x, uniq_sigmund
D:3:      layout_basic, uniq_terence
D:4:      layout_loops_ring, grunt_temple_overflow_gold_and_silver,
          serial_shops, shop, goddamned_bats, uniq_duvessa, uniq_edmund,
          uniq_robin, uniq_pikel
D:5:      layout_cave_pods, minmay_temple_entry_statues,
          hangedman_decor_riveting
D:6:      layout_basic, pf_just_have_faith, nicolae_overflow_crystal_walls,
          nicolae_sif_muna_condensation, serial_curves, eino_curves_01,
          eino_curves_04, nicolae_ossuary_entry_plus, gammafunk_ghost_cemetery,
          minmay_manual_maat
D:7:      layout_layer_cave, grunt_qazlal_sundering, lemuel_crystal_altar,
          nicolae_fountain_basement
D:8:      layout_basic, gammafunk_temple_overflow_arena,
          nicolae_wu_jian_wuxing_cycle, kennysheep_nub
D:9:      layout_loops_ring, yredelemnul_altar_generic, lair_entry_dummy,
          nicolae_figureground_pulse
D:10:     layout_grid_maze, mainiacjoe_overflow_surrounded_room, bloody_makhleb,
          lemuel_round_altar, tgw_fedhas, enter_bailey_2, special_room
          [special_room_bee], uniq_lodul

Skill      XL: |  1  2  3  4  5  6  7  8  9 10 |
---------------+-------------------------------+-----
Axes           | 4 5 7 8 9 12 14 17 19 | 19.5
Fighting       | |  3.6
Armour         | |  2.4
Dodging        | |  2.1

Action                   |  1- 3 |  4- 6 |  7- 9 | 10-12 || total
-------------------------+-------+-------+-------+-------++-------
Melee: Hand axe          |    48 |   108 |    68 |       ||   224
       Headbutt          |     7 |    19 |    43 |    14 ||    83
       Punch             |       |       |     2 |       ||     2
       War axe           |       |       |   167 |       ||   167
       Battleaxe         |       |       |     5 |    94 ||    99
Throw: Dart              |       |       |       |     3 ||     3
Invok: Berserk           |     1 |     1 |     3 |     3 ||     8
       Trog's Hand       |       |     1 |       |       ||     1
  Use: Scroll            |       |    17 |     6 |       ||    23
       Potion            |       |       |       |     6 ||     6
Armor: Animal skin       |     6 |       |       |       ||     6
       Ring mail         |     5 |    17 |       |       ||    22
       Chain mail        |       |    10 |    87 |    49 ||   146
       Plate armour      |       |       |       |     7 ||     7
Dodge: Dodged            |    38 |    55 |    72 |    75 ||   240
Block: Other             |       |    10 |    16 |     3 ||    29
       Reflection        |       |     2 |     1 |     2 ||     5
       Buckler           |       |       |    54 |       ||    54
